 Dungeon Crawl Stone Soup version 0.27.1-34-g3ba077fa99 (webtiles) character file.

Game seed: 5415844587177528714

101 styxcanada the Sneak (level 4, -1/23 HPs)
             Began as a Spriggan Brigand on Jan 19, 2022.
             Splashed by a jelly's acid (2 damage)
             ... on level 3 of the Dungeon.
             The game lasted 00:09:48 (2917 turns).

styxcanada the Sneak (Spriggan Brigand)             Turns: 2917, Time: 00:09:49

Health: -1/23      AC:  3    Str:  5 (7)  XL:     4   Next: 48%
Magic:  0/5        EV: 17    Int: 10 (12) God:
Gold:   115        SH:  0    Dex: 14 (17) Spells: 3/3 levels left

rFire    . . .     SeeInvis +   a - +2 dagger
rCold    . . .     Faith    .   (shield restricted)
rNeg     . . .     Spirit   +   b - +0 robe
rPois    .         Reflect  .   (helmet restricted)
rElec    .         Harm     .   c - +0 cloak
rCorr    .         Rampage  .   (gloves unavailable)
Will     .....                  (boots unavailable)
Stlth    ++++......             h - amulet of guardian spirit
HPRegen  0.07/turn              i - ring of flight
MPRegen  0.09/turn              (no ring)

@: flying, very quick
A: very small, no large weapons, unfitting armour, see invisible, speed 3
a: no special abilities


You were on level 3 of the Dungeon.
You visited 1 branch of the dungeon, and saw 3 of its levels.

You collected 115 gold pieces.

Inventory:

Hand Weapons
 a - a +2 dagger (weapon)
Missiles
 d - 4 poisoned darts (quivered)
 e - 2 curare-tipped darts
 k - 69 stones
Armour
 b - a +0 robe (worn)
 c - a +0 cloak (worn)
Jewellery
 h - an amulet of guardian spirit (around neck)
 i - a ring of flight (left hand)
Scrolls
 f - 2 scrolls of identify {unknown}
 g - a scroll of amnesia {unknown}
 j - a scroll of noise {unknown}
Potions
 l - a potion of curing {unknown}


   Skills:
 * Level 2.0 Fighting
 + Level 2.8 Short Blades
 + Level 2.1 Throwing
 * Level 2.3 Dodging
 * Level 7.8 Stealth


You had 3 spell levels left.
You didn't know any spells.
Your spell library was empty.

Dungeon Overview and Level Annotations

Branches:
Dungeon (3/15)

Altars:
Elyvilon

Shops:
D:2 ([


Innate Abilities, Weirdness & Mutations

You are very small and have problems with some larger weapons.
You are too small for most types of armour.
You have supernaturally acute eyesight. (SInv)
You cover ground extremely quickly. (Speed+++)


Message History

The frilled lizard hisses angrily.
A jelly comes into view.
The jelly quivers.
Found a pink potion.
You see here 7 gold pieces.
You now have 115 gold pieces (gained 7).
Okay, then.
The jelly misses you. The frilled lizard barely misses you.
Throw: 5 darts (poison)
Press: ? - help, Q - select action, (/) - cycle Shift-Dir - straight line, f - frilled lizard
Aim: a frilled lizard (42% to hit)
You throw a poisoned dart.
The poisoned dart misses the frilled lizard.
You miss the frilled lizard. The frilled lizard closely misses you.
You hit the frilled lizard.
You kill the frilled lizard!
You hit the jelly.
Your hands burn!
The jelly is lightly wounded.
The jelly barely misses you.
You hit the jelly.
Your hands burn!
The jelly is lightly wounded.
The jelly completely misses you.
You barely miss the jelly.
The jelly is lightly wounded.
The jelly completely misses you.
You hit the jelly.
Your hands burn!
The jelly is heavily wounded.
The jelly barely misses you.
You hit the jelly.
Your hands burn!
The jelly is heavily wounded.
You hit the jelly but do no damage.
Your hands burn!
The jelly is heavily wounded.
The jelly misses you.
You hit the jelly.
Your hands burn!
The jelly is heavily wounded.
The jelly hits you.
You are splashed with acid!
* * * LOW HITPOINT WARNING * * *
You hit the jelly.
Your hands burn!
You die...

.# ###.......##.#
.# ##...###...#.#
.. #...##.##..#.#
#...##....##.#
##...######..#
##..........#
###(.......#
...####...†J#
#........####@#
.!##..)####.....#
# ..###..[.....#
..##.........##
..# ...######.#
..##....### ##


You could see a jelly.

Vanquished Creatures
  5 adders (D:2)
  A worm (D:3)
  A dart slug (D:1)
  An orc (D:3)
  6 endoplasms
  A giant cockroach (D:1)
  5 goblins
  2 hobgoblins (D:1)
  4 kobolds
  2 quokkas (D:2)
  5 ball pythons (D:1)
  7 bats
  4 frilled lizards
  5 rats
49 creatures vanquished.

Notes
Turn   | Place    | Note
-------+----------+-------------------------------------------
     0 | D:1      | styxcanada the Spriggan Brigand began the quest for the
                  | Orb.
     0 | D:1      | Reached XP level 1. HP: 10/10 MP: 2/2
    59 | D:1      | Reached skill level 6 in Stealth
   125 | D:1      | Reached XP level 2. HP: 7/14 MP: 3/3
  1264 | D:2      | Found a faded altar of an unknown god.
  1282 | D:2      | Reached XP level 3. HP: 18/18 MP: 4/4
  1294 | D:2      | Reached skill level 7 in Stealth
  1665 | D:2      | Found Wotuije's Antique Armour Shop.
  1699 | D:2      | Found Laveonao's Antique Weapon Emporium.
  1763 | D:2      | Reached XP level 4. HP: 23/23 MP: 5/5
  1804 | D:2      | HP: 1/23 [poisoned by an adder]
  2300 | D:3      | Found a white marble altar of Elyvilon.
  2916 | D:3      | HP: 1/23 [acid (9)]
  2917 | D:3      | Splashed by a jelly's acid

Illustrated notes

Levels and vault maps discovered:
D:1:      elethiomel_arrival_shortcut, layout_loops_ring,
          palyth_stone_intersect, patterned_corridor
D:2:      layout_rooms, serial_shops,
          nicolae_shop_temple_entry_statues_fountains, shop,
          dreamdust_ecumenical_altar_sealed_demon
D:3:      cheibrodos_old_hovel, layout_basic, nzn_wu_jian_council_hall,
          mainiacjoe_overflow_six_doors_small, minmay_puff

Skill      XL: |  1  2  3  4 |
---------------+-------------+-----
Stealth        | 6 7 |  7.8
Dodging        | 2 |  2.3
Fighting       | 2 |  2.0
Short Blades   | |  2.8
Throwing       | |  2.1

Action                   |  1- 3 |  4- 6 || total
-------------------------+-------+-------++-------
Melee: Dagger            |    98 |    63 ||   161
Throw: Dart              |    16 |     1 ||    17
  Use: Potion            |       |     3 ||     3
 Stab: Sleeping          |    15 |     3 ||    18
       Invisible         |       |     1 ||     1
Armor: Robe              |    11 |     7 ||    18
Dodge: Dodged            |    57 |    43 ||   100
